 Dungeon Sprint DCSS version 0.26-a0-753-g4680b4fa2e (webtiles) character file.

Game seed: 3788931185544506456

726 Riddle the Nimble (level 7, -12/43 HPs)
             Began as a Spriggan Gladiator on Nov 7, 2020.
             Was an Initiate of Dithmenos.
             Mangled by a red devil
             ... wielding a +1 demon trident of freezing
             ... summoned by a kobold demonologist
              (19 damage)
             ... in the Dungeon (Sprint I: "Red Sonja").
             The game lasted 00:02:53 (1630 turns).

Riddle the Nimble (Spriggan Gladiator)              Turns: 1630, Time: 00:02:54

Health: -12/43     AC:  3    Str: 10    XL:     7   Next: 44%
Magic:  8/8        EV: 31    Int: 10    God:    Dithmenos [......]
Gold:   274        SH:  0    Dex: 19    Spells: 6/6 levels left

rFire    . . .     SeeInvis +   a - +0 long sword
rCold    . . .     Faith    .   (shield restricted)
rNeg     . . .     Spirit   .   b - +0 robe
rPois    .         Reflect  .   c - +1 hat
rElec    .         Harm     .   (no cloak)
rCorr    .         Rampage  .   (gloves unavailable)
MR       +....     NoTele   +   (boots unavailable)
Stlth    ++........             (no amulet)
HPRegen  0.14/turn              (no ring)
MPRegen  0.11/turn              (no ring)

@: lethally poisoned (-12 -> -23), very quick
A: very small, unfitting armour, see invisible, speed 3
a: Renounce Religion


You were in the Dungeon.
You worshipped Dithmenos.
Dithmenos was noncommittal.
You visited 1 branch You collected 405 gold pieces.
You spent 131 gold pieces at shops.

Inventory:

Hand Weapons
 a - a +0 long sword (weapon)
Missiles
 d - 3 throwing nets (quivered)
Armour
 b - a +0 robe (worn)
 c - a +1 hat (worn)
Wands
 k - a wand of random effects (11)
Scrolls
 j - a scroll of blinking
 m - a scroll of remove curse {unknown}
Potions
 e - a potion of curing
 f - a potion of heal wounds
 g - a potion of haste
 h - 2 potions of magic
 i - a potion of berserk rage
 l - a potion of lignification {unknown}


   Skills:
 + Level 8.2 Fighting
 + Level 8.3 Long Blades
 - Level 2.0 Throwing
 + Level 13.5 Dodging


You had 6 spell levels left.
You didn't know any spells.
Your spell library was empty.

Dungeon Overview and Level Annotations

Branches:
Dungeon (1/1)

Altars:
Cheibriados
Dithmenos
Elyvilon
Fedhas
Gozag
Hepliaklqana
Kikubaaqudgha
Makhleb
Nemelex Xobeh
Okawaru
Qazlal
Ru
Sif Muna
Trog
Uskayaw
Vehumet
Wu Jian
Xom
Yredelemnul
Zin
The Shining One
Jiyva
Lugonu

Shops:
D *

Annotations:
D Sonja


Innate Abilities, Weirdness & Mutations

You are very small and have problems with some larger weapons.
You are too small for most types of armour.
You have supernaturally acute eyesight. (SInv)
You cover ground extremely quickly.


Message History

The ice devil is lightly wounded.
The kobold demonologist completely misses you.
The crimson imp completely misses you.
You barely miss the kobold demonologist.
The kobold demonologist is severely wounded.
The ice devil disappears in a puff of smoke!
The kobold demonologist hits you with a +0 dagger.
The red devil barely misses you.
The kobold demonologist closely misses you.
The crimson imp blinks!
You hit the kobold demonologist.
The kobold demonologist is severely wounded.
The ynoxinul gestures.
The kobold demonologist looks satisfied for a moment.
The red devil hits you from afar with a +1 demon trident of venom!
* * * LOW HITPOINT WARNING * * *
You are lethally poisoned!
The kobold demonologist completely misses you.
The red devil hits you from afar with a +1 demon trident of freezing!!
You die...

########################
#<.#.5§@K#55'..#__#5.'K.
#..'..#3K455#..+..'5K#..
#5.#####4#####'#__#### .
#..####.5#...#.####[§#
#..#__####..##.#§≈≈§c#
#..#_____##'#_.+§≈§§
#⌠⌠#_.∩...'..._#§≈§§
####_.[__##_.#'# +##
#_____###+#(#


You could see 2 kobold demonologists, a ynoxinul (summoned), 2 red devils, a
crimson imp (summoned), a white imp (summoned) and 3 ufetubi.

Vanquished Creatures
  A slime creature (D)
  Sigmund (D)
  A yak (D)
  A floating eye (D)
  An ogre (D)
  A jelly (D)
  Ijyb (D)
7 creatures vanquished.

Vanquished Creatures (others)
  A gargoyle (D)
1 creature vanquished.

Grand Total: 8 creatures vanquished

Notes
Turn   | Place    | Note
-------+----------+-------------------------------------------
     0 | D        | Riddle the Spriggan Gladiator began the quest for the Orb.
     0 | D        | Reached XP level 1. HP: 10/10 MP: 2/2
     1 | D        | Noticed Ijyb
    11 | D        | Killed Ijyb
    11 | D        | Reached skill level 6 in Dodging
    11 | D        | Reached XP level 2. HP: 6/16 MP: 3/3
    63 | D        | Killed a gargoyle
   193 | D        | Noticed an ogre
   199 | D        | Killed an ogre
   199 | D        | Reached skill level 5 in Long Blades
   199 | D        | Reached skill level 8 in Dodging
   199 | D        | Reached XP level 3. HP: 21/21 MP: 4/4
   199 | D        | Reached XP level 4. HP: 26/26 MP: 5/5
   309 | D        | Noticed Sigmund
   333 | D        | Killed Sigmund
   333 | D        | Reached skill level 11 in Dodging
   333 | D        | Reached XP level 5. HP: 21/32 MP: 6/6
   333 | D        | Reached XP level 6. HP: 23/36 MP: 7/7
   444 | D        | Found an ornate altar of the Wu Jian Council.
   444 | D        | Found a shimmering blue altar of Sif Muna.
   446 | D        | Found a radiant altar of Vehumet.
   573 | D        | Found Atesk's General Store.
   573 | D        | Found an ancient bone altar of Kikubaaqudgha.
   573 | D        | Found a hazy altar of Hepliaklqana.
   573 | D        | Found a stormy altar of Qazlal.
   573 | D        | Found a hide-covered altar of Uskayaw.
   573 | D        | Found a blossoming altar of Fedhas.
   573 | D        | Found a bloodstained altar of Trog.
   573 | D        | Found an iron altar of Okawaru.
   573 | D        | Found a basalt altar of Yredelemnul.
   573 | D        | Found a glowing golden altar of the Shining One.
   573 | D        | Found a snail-covered altar of Cheibriados.
   573 | D        | Found a sacrificial altar of Ru.
   573 | D        | Found a glowing silver altar of Zin.
   573 | D        | Found a shadowy altar of Dithmenos.
   573 | D        | Found a white marble altar of Elyvilon.
   573 | D        | Noticed a yak
   590 | D        | Killed a yak
   590 | D        | Reached skill level 12 in Dodging
   591 | D        | Found an opulent altar of Gozag.
   592 | D        | Found a sparkling altar of Nemelex Xobeh.
   598 | D        | Became a worshipper of Dithmenos the Shadowed
   832 | D        | Bought a scroll of enchant armour for 82 gold pieces
   832 | D        | Bought a +0 pair of gloves for 49 gold pieces
   845 | D        | Found a viscous altar of Jiyva.
   845 | D        | Found a corrupted altar of Lugonu.
   845 | D        | Noticed a slime creature
   846 | D        | Found a burning altar of Makhleb.
   846 | D        | Found a shimmering altar of Xom.
  1515 | D        | Killed a slime creature
  1515 | D        | Reached skill level 13 in Dodging
  1515 | D        | Reached XP level 7. HP: 37/42 MP: 8/8
  1551 | D        | Noticed a centaur warrior
  1562 | D        | Noticed Sonja
  1582 | D        | Noticed a kobold demonologist
  1584 | D        | Noticed a kobold demonologist
  1584 | D        | Paralysed by a floating eye for 3 turns
  1614 | D        | Noticed an ice devil
  1617 | D        | Noticed a red devil
  1622 | D        | Noticed a ynoxinul
  1625 | D        | Noticed a red devil
  1630 | D        | Mangled by a red devil

Illustrated notes

Levels and vault maps discovered:
D:        dungeon_sprint_1 [red_sonja_temple_1, red_sonja_temple_small_1]

Skill      XL: |  1  2  3  4  5  6  7 |
---------------+----------------------+-----
Fighting       | 3 4 6 7 8 |  8.2
Long Blades    | 3 5 6 8 |  8.3
Dodging        | 6 8 11 13 | 13.5
Throwing       | |  2.0

Action                   |  1- 3 |  4- 6 |  7- 9 || total
-------------------------+-------+-------+-------++-------
Melee: Long sword        |    12 |    75 |    17 ||   104
  Use: Scroll            |       |     1 |       ||     1
 Stab: Sleeping          |     1 |       |       ||     1
Armor: Robe              |     1 |     1 |       ||     2
Dodge: Dodged            |     7 |    55 |    27 ||    89
       Rpst.: Long sword |     3 |    14 |     8 ||    25

Table legend: (Time is in decaauts)
 A = Elapsed time spent in this place.
 B = Non-inter-level travel time spent in this place.
 C = Inter-level travel time spent in this place.
 D = Time resting spent in this place.
 E = Time spent auto-exploring this place.
 F = Levels seen in this place.
 G = Mean time per level.
                   A        B        C        D        E       F      G
               +--------+--------+--------+--------+--------+-----+--------+
         Total |   1582 |   1582 |      0 |   1332 |      0 |   1 | 1582.0 |
       Dungeon |   1582 |   1582 |      0 |   1332 |      0 |   1 | 1582.0 |
               +--------+--------+--------+--------+--------+-----+--------+

Top non-repeatable levels by time:
       D: 1582 daAuts
